 Dungeon Crawl Stone Soup version 0.22-a0-775-ga7d80019b5 (webtiles) character file.

522 Nakatomy the Shield-Bearer (level 7, -3/60 HPs)
             Began as a Gnoll Fighter on July 18, 2018.
             Was an Initiate of Qazlal.
             Killed by nerve-wracking pain
             ... invoked by Menkaure
              (13 damage)
             ... on level 4 of the Dungeon.
             The game lasted 00:11:15 (3204 turns).

Nakatomy the Shield-Bearer (Gnoll Fighter)          Turns: 3204, Time: 00:11:16

Health: -3/60      AC: 11    Str: 21    XL:     7   Next: 22%
Magic:  19/19      EV:  9    Int: 10    God:    Qazlal [......]
Gold:   240        SH: 11    Dex: 14    Spells: 10/10 levels left

rFire    . . .     SeeInvis .   a - +0 war axe
rCold    . . .     Gourm    .   c - +0 shield
rNeg     . . .     Faith    .   b - +0 scale mail
rPois    +         Spirit   .   (no helmet)
rElec    .         Reflect  .   u - +1 cloak {rPois}
rCorr    +         Harm     .   (no gloves)
MR       .....                  y - +0 pair of boots
Stlth    +.........             (no amulet)
HPRegen  0.20/turn              e - ring of resist corrosion
MPRegen  0.16/turn              p - ring of magical power

@: no status effects
A: distributed training, fangs 1, strong nose
a: Renounce Religion


You were on level 4 of the Dungeon.
You worshipped Qazlal.
Qazlal was noncommittal.
You were not hungry.

You visited 1 branch of the dungeon, and saw 4 of its levels.

You collected 240 gold pieces.

Inventory:

Hand Weapons
 a - a +0 war axe (weapon)
Missiles
 h - 177 stones (quivered)
Armour
 b - a +0 scale mail (worn)
 c - a +0 shield (worn)
 u - a +1 cloak of poison resistance (worn)
 x - a scarf of repulsion
 y - a +0 pair of boots (worn)
Jewellery
 e - a ring of resist corrosion (left hand)
 p - a ring of magical power (right hand)
Wands
 v - a wand of random effects (38)
Scrolls
 i - 3 scrolls of amnesia {unknown}
 j - 6 scrolls of identify {unknown}
 l - 3 scrolls of teleportation {unknown}
 n - 4 scrolls of remove curse {unknown}
 o - 2 scrolls of blinking {unknown}
 q - a scroll of magic mapping {unknown}
 r - a scroll of immolation {unknown}
Potions
 d - a potion of might
 g - a potion of cancellation {unknown}
 k - a potion of ambrosia {unknown}
 m - 2 potions of mutation {unknown}
 s - 6 potions of curing {unknown}
 t - a potion of haste {unknown}
 w - a potion of brilliance {unknown}
 A - a potion of heal wounds
Comestibles
 f - 12 rations
 z - 2 chunks of flesh


   Skills:
 + Level 7.0 Fighting
 + Level 2.3 Short Blades
 + Level 2.3 Long Blades
 + Level 5.1 Axes
 + Level 2.3 Maces & Flails
 + Level 2.3 Polearms
 + Level 2.3 Staves
 + Level 2.3 Slings
 + Level 2.3 Bows
 + Level 2.3 Crossbows
 + Level 2.3 Throwing
 + Level 7.0 Armour
 + Level 2.3 Dodging
 + Level 2.3 Stealth
 + Level 7.0 Shields
 + Level 2.3 Unarmed Combat
 + Level 2.3 Spellcasting
 + Level 1.8 Conjurations
 + Level 1.8 Hexes
 + Level 1.8 Charms
 + Level 1.8 Summonings
 + Level 1.8 Necromancy
 + Level 1.8 Translocations
 + Level 1.8 Transmutations
 + Level 1.8 Fire Magic
 + Level 1.8 Ice Magic
 + Level 1.8 Air Magic
 + Level 1.8 Earth Magic
 + Level 1.8 Poison Magic
 + Level 2.5 Invocations
 + Level 2.3 Evocations


You had 10 spell levels left.
You didn't know any spells.
Your spell library contained the following spells:

 Spells                   Type           Power        Failure   Level  Hunger
 Summon Small Mammal      Summ           #...         69%         1    ##.....
 Summon Ice Beast         Ice/Summ       #.......     100%        4    #####..
 Call Imp                 Summ           #.......     83%         2    ###....
 Spider Form              Tmut/Pois      #.........   96%         3    ####...
 Blade Hands              Tmut           #.........   100%        5    ######.
 Ice Form                 Ice/Tmut       #.......     100%        4    #####..
 Sticks to Snakes         Tmut           #.......     83%         2    ###....
 Call Canine Familiar     Summ           #.......     96%         3    ####...
 Beastly Appendage        Tmut           #.....       69%         1    ##.....
 Summon Lightning Spire   Summ/Air       #.......     100%        4    #####..
 Summon Guardian Golem    Hex/Summ       #.......     96%         3    ####...


Dungeon Overview and Level Annotations

Branches:
Dungeon (4/15)
 Temple: D:4-7

Altars:
Qazlal
Vehumet

Annotations:
D:3 exclusion: orc
D:4 Menkaure


Innate Abilities, Weirdness & Mutations

Your experience applies equally to all skills.
You have very sharp teeth.
Your uncanny sense of smell can sniff out nearby items.


Message History

Menkaure is moderately damaged.
You block Menkaure's attack. Menkaure barely misses you.
You slash Menkaure!
Menkaure is severely damaged.
Menkaure hits you!
Your shield prevents you from hitting Menkaure.
Menkaure is severely damaged.
Menkaure barely misses you.
Menkaure gestures at you while chanting.
You struggle to resist.
You barely miss Menkaure.
Menkaure is severely damaged.
Menkaure points at you and mumbles some strange words.
Pain shoots through your body!
* * * LOW HITPOINT WARNING * * *
You hit Menkaure.
Menkaure is almost destroyed.
Menkaure gestures at you while chanting.
Pain shoots through your body!
You die...

.......# #.
....... .∆ .......
## #. #....#
#..#.####....#
#...........#
#......M....#
#.....@.....#
#....>$.....#
#...........#
###.####....######
#+ #....##...## ∆
#..........# ∆
#..........#
#..........#
#..........#


You could see Menkaure.

Vanquished Creatures
  Edmund (D:4)
  Blork the orc (D:4)
  A crimson imp (D:4)
  A hound (D:4)
  2 orc wizards (D:3)
  Ijyb (D:3)
  Crazy Yiuf (D:2)
  Jessica (D:2)
  3 adders
  4 gnolls (D:4)
  An ooze (D:4)
  3 worms
  3 dart slugs
  2 leopard geckos
  5 orcs
  2 giant cockroaches (D:1)
  4 goblins
  2 hobgoblins (D:1)
  11 jackals
  A quokka (D:3)
  2 ball pythons (D:2)
  5 bats
  5 frilled lizards
  7 kobolds
  6 rats
75 creatures vanquished.

Notes
Turn   | Place    | Note
-------+----------+-------------------------------------------
     0 | D:1      | Nakatomy the Gnoll Fighter began the quest for the Orb.
     0 | D:1      | Reached XP level 1. HP: 23/23 MP: 1/1
   273 | D:1      | Reached XP level 2. HP: 29/29 MP: 2/2
   841 | D:2      | Reached XP level 3. HP: 34/35 MP: 3/3
   853 | D:2      | Noticed Jessica
   861 | D:2      | Killed Jessica
   861 | D:2      | Reached skill level 1 in Invocations
  1048 | D:2      | Reached skill level 1 in Short Blades
  1048 | D:2      | Reached skill level 1 in Long Blades
  1048 | D:2      | Reached skill level 1 in Maces & Flails
  1048 | D:2      | Reached skill level 1 in Polearms
  1048 | D:2      | Reached skill level 1 in Staves
  1048 | D:2      | Reached skill level 1 in Slings
  1048 | D:2      | Reached skill level 1 in Bows
  1048 | D:2      | Reached skill level 1 in Crossbows
  1048 | D:2      | Reached skill level 1 in Throwing
  1048 | D:2      | Reached skill level 1 in Dodging
  1048 | D:2      | Reached skill level 1 in Stealth
  1048 | D:2      | Reached skill level 1 in Unarmed Combat
  1048 | D:2      | Reached skill level 1 in Spellcasting
  1048 | D:2      | Reached skill level 1 in Evocations
  1143 | D:2      | Found a runed door.
  1184 | D:2      | Reached XP level 4. HP: 41/41 MP: 5/5
  1475 | D:2      | Noticed Crazy Yiuf
  1477 | D:2      | Killed Crazy Yiuf
  1477 | D:2      | Reached skill level 1 in Conjurations
  1477 | D:2      | Reached skill level 1 in Hexes
  1477 | D:2      | Reached skill level 1 in Charms
  1477 | D:2      | Reached skill level 1 in Summonings
  1477 | D:2      | Reached skill level 1 in Necromancy
  1477 | D:2      | Reached skill level 1 in Translocations
  1477 | D:2      | Reached skill level 1 in Transmutations
  1477 | D:2      | Reached skill level 1 in Fire Magic
  1477 | D:2      | Reached skill level 1 in Ice Magic
  1477 | D:2      | Reached skill level 1 in Air Magic
  1477 | D:2      | Reached skill level 1 in Earth Magic
  1477 | D:2      | Reached skill level 1 in Poison Magic
  1571 | D:3      | Reached XP level 5. HP: 45/47 MP: 7/7
  1652 | D:3      | Noticed Ijyb
  1675 | D:3      | Killed Ijyb
  2314 | D:3      | Reached XP level 6. HP: 50/53 MP: 8/8
  2511 | D:4      | Reached skill level 5 in Axes
  2545 | D:4      | Noticed Blork the orc
  2572 | D:4      | Killed Blork the orc
  2832 | D:4      | Found a radiant altar of Vehumet.
  2834 | D:4      | Found a stormy altar of Qazlal.
  2862 | D:4      | Became a worshipper of Qazlal Stormbringer
  2902 | D:4      | Noticed Edmund
  2942 | D:4      | Killed Edmund
  2942 | D:4      | Reached XP level 7. HP: 40/59 MP: 10/10
  3192 | D:4      | Noticed Menkaure
  3204 | D:4      | Killed from afar by Menkaure

Vault maps used:
D:1:      minmay_arrival_shoal_huts
D:2:      kennysheep_six_static_rooms, first_ration, uniq_crazy_yiuf_cottage,
          uniq_jessica
D:3:      uniq_ijyb
D:4:      gammafunk_temple_overflow_statue, minitemple, serial_shops, shop,
          uniq_edmund, uniq_blork_the_orc, uniq_menkaure

Skill      XL: |  1  2  3  4  5  6  7 |
---------------+----------------------+-----
Invocations    | 1 2 |  2.5
Short Blades   | 1 2 |  2.3
Long Blades    | 1 2 |  2.3
Maces & Flails | 1 2 |  2.3
Polearms       | 1 2 |  2.3
Staves         | 1 2 |  2.3
Slings         | 1 2 |  2.3
Bows           | 1 2 |  2.3
Crossbows      | 1 2 |  2.3
Throwing       | 1 2 |  2.3
Dodging        | 1 2 |  2.3
Stealth        | 1 2 |  2.3
Unarmed Combat | 1 2 |  2.3
Spellcasting   | 1 2 |  2.3
Evocations     | 1 2 |  2.3
Conjurations   | 1 |  1.8
Hexes          | 1 |  1.8
Charms         | 1 |  1.8
Summonings     | 1 |  1.8
Necromancy     | 1 |  1.8
Translocations | 1 |  1.8
Transmutations | 1 |  1.8
Fire Magic     | 1 |  1.8
Ice Magic      | 1 |  1.8
Air Magic      | 1 |  1.8
Earth Magic    | 1 |  1.8
Poison Magic   | 1 |  1.8
Axes           | 5 |  5.1
Fighting       | 7 |  7.0
Armour         | 7 |  7.0
Shields        | 7 |  7.0

Action                   |  1- 3 |  4- 6 |  7- 9 || total
-------------------------+-------+-------+-------++-------
Melee: War axe           |    76 |   202 |    15 ||   293
       Bite              |     6 |    21 |     2 ||    29
  Eat: Chunk             |     1 |     5 |     2 ||     8
Armor: Scale mail        |    36 |    66 |     3 ||   105
Dodge: Dodged            |    20 |    54 |     5 ||    79
Block: Shield            |    59 |   105 |     8 ||   172

Table legend:
 A = Spawn XP
 B = Non-spawn XP
 C = Spawn XP percentage of total XP
 D = Spawn monster count
 E = Non-spawn monster count
 F = Spawn count percentage of total count
 G = Total turns spent on level
                    A         B        C        D         E        F      G
               +---------+---------+-------+---------+---------+-------+---------
         Total |       0 |     747 |   0.0 |       0 |      75 |   0.0 |  3204
               +---------+---------+-------+---------+---------+-------+---------
           D:1 |       0 |      30 |   0.0 |       0 |      16 |   0.0 |   735
           D:2 |       0 |     106 |   0.0 |       0 |      19 |   0.0 |   794
           D:3 |       0 |     185 |   0.0 |       0 |      23 |   0.0 |   861
           D:4 |       0 |     426 |   0.0 |       0 |      17 |   0.0 |   814
               +---------+---------+-------+---------+---------+-------+---------
